 Dungeon Crawl Stone Soup version 0.31-a0-237-g2d982f9f85 (webtiles) character file.

Game seed: 14316214171147503192

684 qw the Shooter (level 7, 0/44 HPs)
             Began as a Gargoyle Hexslinger on July 11, 2023.
             Slain by a gnoll sergeant
             ... wielding a +2 spear of venom
              (2 damage)
             ... on level 5 of the Dungeon.
             The game lasted 00:01:52 (3662 turns).

qw the Shooter (Gargoyle Hexslinger)                Turns: 3662, Time: 00:01:53

Health: 0/44       AC: 13    Str: 11    XL:     7   Next: 62%
Magic:  8/8        EV: 15    Int: 14    God:
Gold:   186        SH:  0    Dex: 14    Spells: 7/8 levels left

rFire   . . .        Y - +0 shortbow
rCold   . . .        (shield currently unavailable)
rNeg    + . .        b - +0 ring mail
rPois   inf          d - +0 helmet
rElec   +            m - scarf {repulsion}
rCorr   .            g - +1 pair of gloves
SInv    .            (no boots)
Will    .....        (no amulet)
Stlth   +            l - +5 ring of evasion
HPRegen 0.27/turn    (no ring)
MPRegen 0.11/turn

%: repel missiles
@: no status effects
A: sickness immunity, AC +4, negative energy resistance 1, electricity
resistance, torment resistance 1, petrification resistance
a: no special abilities


You were on level 5 of the Dungeon.
You visited 1 branch of the dungeon, and saw 5 of its levels.

You collected 186 gold pieces.


Innate Abilities, Weirdness & Mutations

You are immune to sickness and miasma.
Your stone body is resilient. (AC +4)
You are immune to poison.
You resist negative energy. (rN+)
You are resistant to electric shocks. (rElec)
You are resistant to unholy torment.
You are immune to petrification.


   Skills:
 - Level 4.4 Fighting
 - Level 7.0 Ranged Weapons
 + Level 1.4 Armour
 - Level 1.5 Dodging
 - Level 1.0 Spellcasting
 - Level 2.6 Hexes


You had 7 spell levels left.
You knew the following spells:

 Your Spells              Type           Power      Damage    Failure   Level
a - Slow                  Hex            32%        N/A       21%         1

Your spell library contained the following spells:

 Spells                   Type           Power      Damage    Failure   Level
 Inner Flame              Hex/Fire       4%         N/A       71%         3
 Portal Projectile        Hex/Tloc       8%         N/A       71%         3
 Cause Fear               Hex            4%         N/A       90%         4

Inventory:

Hand Weapons
 Y - a +0 shortbow (weapon)
Armour
 b - a +0 ring mail (worn)
 d - a +0 helmet (worn)
 g - a +1 pair of gloves (worn)
 m - a scarf of repulsion (worn)
Jewellery
 l - a +5 ring of evasion (left hand)
Scrolls
 n - 3 scrolls of identify
Potions
 j - 3 potions of curing

Dungeon Overview and Level Annotations

Branches:
Dungeon (5/15)
 Temple: D:4-7

Altars:

Annotations:
D:3 2 transporters, qw's ghost, amateur MiHs
D:4 Dowan; Duvessa


Message History

The gnoll barely misses you. The gnoll misses you.
The gnoll sergeant barely misses you.
The gnoll throws a stone.
The stone closely misses you. The gnoll sergeant closely misses you.
The gnoll hits you from afar with a +0 spear.
You shoot an arrow.
The arrow closely misses the gnoll sergeant.
The gnoll barely misses you.
The gnoll sergeant hits you but does no damage.
The gnoll hits you from afar with a +0 spear.
You shoot an arrow.
The arrow hits the gnoll sergeant but does no damage.
The gnoll sergeant is heavily wounded.
The gnoll barely misses you.
The gnoll sergeant hits you from afar with a +2 spear of venom.
The gnoll hits you but does no damage.
You shoot an arrow. The arrow hits the gnoll sergeant.
The gnoll sergeant is severely wounded.
The gnoll sergeant barely misses you. The gnoll hits you but does no damage.
The gnoll throws a stone.
The stone closely misses you.
You shoot an arrow.
The arrow barely misses the gnoll sergeant.
The gnoll throws a stone.
The stone barely misses you.
The gnoll hits you from afar with a +0 spear.
The gnoll sergeant closely misses you.
You shoot an arrow. The arrow hits the gnoll sergeant.
The gnoll sergeant is severely wounded.
The gnoll sergeant closely misses you.
The gnoll throws a stone.
The stone is repelled.
The gnoll misses you.
You shoot an arrow. The arrow hits the gnoll sergeant.
The gnoll sergeant is almost dead.
The gnoll completely misses you. The gnoll hits you but does no damage.
The gnoll sergeant hits you from afar with a +2 spear of venom.
The gnoll closely misses you.
The gnoll sergeant hits you from afar with a +2 spear of venom!
The gnoll hits you but does no damage.
You shoot an arrow.
The arrow closely misses the gnoll sergeant.
The gnoll throws a stone.
The stone hits you but does no damage.
The gnoll sergeant hits you from afar with a +2 spear of venom.
You die...

... .. #. ####
#.##..#
#.....#
#ggg..#
#.....#
#.)@..#
#.....#
#.....#
##....[#
#......#
##..[..#
##.....#######
#.>...<......#
#............#


You could see a gnoll sergeant and 2 gnolls.

Vanquished Creatures
  A wyvern (D:4)
  An ogre (D:4)
  A scorpion (D:4)
  2 jellies
  A hound (D:4)
  Jessica (D:3)
  Natasha (thrice) (D:3)
  A gnoll (D:5)
  7 adders
  A shadow imp (D:4)
  2 white imps
  An ufetubus (D:5)
  3 dart slugs
  6 orcs (D:4)
  10 ball pythons
  5 bats
  10 endoplasms
  5 giant cockroaches
  11 goblins
  10 hobgoblins
  6 jackals
  4 kobolds
  5 quokkas
  5 frilled lizards
  A rat (D:2)
103 creatures vanquished.

Notes
Turn   | Place    | Note
-------+----------+-------------------------------------------
     0 | D:1      | qw the Gargoyle Hexslinger began the quest for the Orb.
     0 | D:1      | Reached XP level 1. HP: 12/12 MP: 2/2
     0 | D:1      | 0 ||| qw: Version: 0.3-a-52-g30416fa
     0 | D:1      | 0 ||| qw: Game counter: 5452
     0 | D:1      | 0 ||| qw: Melee chars always use a shield: true
     0 | D:1      | 0 ||| qw: God list: Okawaru
     0 | D:1      | 0 ||| qw: Allow faded altars: false
     0 | D:1      | 0 ||| qw: Do Orc after clearing Dungeon:15 true
     0 | D:1      | 0 ||| qw: Do second Lair branch before Depths: true
     0 | D:1      | 0 ||| qw: Lair rune preference: random
     0 | D:1      | 0 ||| qw: Goals: Normal
     0 | D:1      | 0 ||| PLANNING D:1-11
   144 | D:1      | Reached XP level 2. HP: 12/16 MP: 3/3
   259 | D:1      | Reached skill level 3 in Ranged Weapons
   490 | D:1      | 490 ||| FLEEEEING.
   491 | D:1      | 491 ||| FLEEEEING.
   493 | D:1      | 493 ||| FLEEEEING.
   494 | D:1      | 494 ||| FLEEEEING.
   495 | D:1      | 495 ||| FLEEEEING.
   496 | D:1      | 496 ||| FLEEEEING.
   864 | D:1      | 864 ||| UPGRADING to +0 helmet.
   869 | D:1      | 869 ||| UPGRADING to +0 pair of gloves.
   874 | D:1      | 874 ||| READING scroll labelled YTA NALUAWNUF.
   875 | D:1      | 875 ||| READING 2 scrolls labelled BOTUC QAMOUMNE.
   879 | D:1      | 879 ||| READING scroll labelled YMUDETW JOIHIH.
   880 | D:1      | 880 ||| DROPPING scroll of poison.
   899 | D:2      | Reached XP level 3. HP: 21/21 MP: 4/4
  1156 | D:2      | 1156 ||| SWAPPING to +0 shortbow.
  1158 | D:2      | 1158 ||| DROPPING +1 sling.
  1260 | D:2      | Reached XP level 4. HP: 25/26 MP: 5/5
  1348 | D:2      | Reached skill level 4 in Ranged Weapons
  1755 | D:2      | 1755 ||| UPGRADING to +0 ring mail.
  1765 | D:2      | 1765 ||| DROPPING +0 robe.
  1766 | D:2      | 1766 ||| UPGRADING to scarf of repulsion.
  1771 | D:2      | 1771 ||| UPGRADING to +5 ring of evasion.
  1772 | D:2      | 1772 ||| READING scroll labelled MASMUN JUHICUXT.
  1773 | D:2      | 1773 ||| READING 2 scrolls labelled VUITOS TOOLYRUHE.
  1774 | D:2      | 1774 ||| DRINKING 2 brown potions.
  1775 | D:2      | 1775 ||| DROPPING potion of attraction.
  1843 | D:3      | Reached skill level 1 in Armour
  1906 | D:3      | Found a transporter.
  1907 | D:3      | Noticed qw's ghost (amateur MiHs)
  1908 | D:3      | Noticed a necrophage
  2031 | D:3      | Found a transporter.
  2120 | D:3      | Noticed Natasha
  2137 | D:3      | Killed Natasha
  2138 | D:3      | Reached XP level 5. HP: 20/30 MP: 6/6
  2220 | D:3      | 2220 ||| READING scroll of enchant armour.
  2220 | D:3      | 2220 ||| ENCHANTING +0 pair of gloves.
  2228 | D:3      | Noticed Jessica
  2235 | D:3      | Killed Jessica
  2236 | D:3      | Reached skill level 5 in Ranged Weapons
  2257 | D:3      | Found a faded altar of an unknown god.
  2303 | D:3      | Noticed Natasha
  2312 | D:3      | Killed Natasha
  2427 | D:3      | Noticed Natasha
  2442 | D:3      | Killed Natasha
  2443 | D:3      | Reached skill level 3 in Fighting
  2528 | D:3      | 2528 ||| READING scroll labelled FEPHUNL QIWN.
  2529 | D:3      | 2529 ||| READING 4 scrolls of identify.
  2529 | D:3      | 2529 ||| IDENTIFYING white potion
  2530 | D:3      | 2530 ||| READING 3 scrolls of identify.
  2530 | D:3      | 2530 ||| IDENTIFYING coppery potion
  2531 | D:3      | 2531 ||| READING 2 scrolls of identify.
  2531 | D:3      | 2531 ||| IDENTIFYING bubbling ruby potion
  2532 | D:3      | 2532 ||| DROPPING potion of ambrosia.
  2533 | D:3      | 2533 ||| DROPPING potion of lignification.
  2534 | D:3      | 2534 ||| DROPPING potion of degeneration.
  2594 | D:4      | Reached XP level 6. HP: 37/37 MP: 7/7
  2664 | D:4      | 2664 ||| FLEEEEING.
  2665 | D:4      | 2665 ||| FLEEEEING.
  2666 | D:4      | 2666 ||| FLEEEEING.
  2667 | D:4      | 2667 ||| FLEEEEING.
  2668 | D:4      | 2668 ||| FLEEEEING.
  2669 | D:4      | 2669 ||| FLEEEEING.
  2670 | D:4      | 2670 ||| STAIRDANCE
  2701 | D:3      | 2701 ||| DRINKING 3 inky potions.
  2925 | D:4      | Reached skill level 6 in Ranged Weapons
  3114 | D:4      | Noticed Dowan
  3114 | D:4      | Noticed Duvessa
  3116 | D:4      | Noticed a wyvern
  3128 | D:4      | HP: 9/38 [Duvessa/+0 rapier (13)]
  3129 | D:4      | 3129 ||| READING scroll of teleportation.
  3130 | D:4      | 3130 ||| DRINKING 2 potions of heal wounds.
  3139 | D:4      | Reached XP level 7. HP: 36/44 MP: 8/8
  3379 | D:4      | Killed a wyvern
  3528 | D:4      | 3528 ||| READING scroll labelled VEIVITH ASIFFA.
  3529 | D:4      | 3529 ||| READING scroll labelled PABUGA IFAED.
  3552 | D:5      | Entered Level 5 of the Dungeon
  3597 | D:5      | Reached skill level 7 in Ranged Weapons
  3608 | D:5      | 3608 ||| FLEEEEING.
  3609 | D:5      | 3609 ||| FLEEEEING.
  3610 | D:5      | 3610 ||| FLEEEEING.
  3611 | D:5      | 3611 ||| FLEEEEING.
  3647 | D:5      | HP: 10/44 [gnoll/+0 spear[a gnoll sergeant] (8)]
  3648 | D:5      | 3648 ||| DRINKING potion of heal wounds.
  3661 | D:5      | HP: 10/44 [gnoll sergeant/+2 spear of venom (4)]
  3661 | D:5      | HP: 2/44 [gnoll sergeant/+2 spear of venom (8)]
  3662 | D:5      | Slain by a gnoll sergeant

Levels and vault maps discovered:
D:1:      onia_arrival_pentagram, layout_basic, palyth_stone_intersect
D:2:      layout_basic
D:3:      layout_basic, gammafunk_ghost_mausoleum,
          shapermc_ecumenical_altar_starsandcircs, kennysheep_jessica_study,
          uniq_jessica, uniq_natasha
D:4:      layout_basic, uniq_duvessa
D:5:      layout_gridville, nicolae_elevator_lobby_asterisk, uniq_menkaure,
          uniq_sigmund

Skill      XL: |  1  2  3  4  5  6  7 |
---------------+----------------------+-----
Ranged Weapons | 3 4 5 6 7 |  7.0
Fighting       | 2 3 4 |  4.4
Armour         | 1 |  1.4
Dodging        | |  1.5
Spellcasting   | |  1.0
Hexes          | |  2.6

Action                     |  1- 3 |  4- 6 |  7- 9 || total
---------------------------+-------+-------+-------++-------
   Fire: Sling             |   101 |       |       ||   101
         Shortbow          |    39 |   288 |    65 ||   392
    Use: Scroll            |     3 |     8 |     2 ||    13
         Potion            |       |     3 |     1 ||     4
 Armour: Robe              |    44 |    12 |       ||    56
         Ring mail         |       |    55 |    29 ||    84
  Dodge: Dodged            |    59 |   142 |    77 ||   278
         Repelled          |       |     4 |     1 ||     5

Table legend:
 A = Non-vault XP
 B = Vault XP
 C = Vault XP percentage of total XP
 D = Non-vault monster count
 E = Vault monster count
 F = Vault count percentage of total count
                 A         B        C        D         E       F
            +---------+---------+-------+---------+---------+-------
      Total |     904 |      74 |   7.6 |     100 |       3 |   2.9
            +---------+---------+-------+---------+---------+-------
        D:1 |      32 |       0 |   0.0 |      16 |       0 |   0.0
        D:2 |      75 |       0 |   0.0 |      28 |       0 |   0.0
        D:3 |     134 |      74 |  35.6 |      24 |       3 |  11.1
        D:4 |     586 |       0 |   0.0 |      27 |       0 |   0.0
        D:5 |      77 |       0 |   0.0 |       5 |       0 |   0.0
            +---------+---------+-------+---------+---------+-------
